 Seeded DCSS version 0.28.0-43-g3370ac3207 (webtiles) character file.

Game seed: 9871404364189446373 (custom seed)

427 croobank the Shield-Bearer (level 6, -3/53 HPs)
             Began as a Gnoll Fighter on Mar 25, 2022.
             Blown up by Ijyb (19 damage)
             ... with a mindburst bolt
             ... on level 5 of the Dungeon.
             The game lasted 00:17:05 (3243 turns).

croobank the Shield-Bearer (Gnoll Fighter)          Turns: 3243, Time: 00:17:06

Health: -3/53      AC: 10    Str: 17    XL:     6   Next: 97%
Magic:  9/9        EV:  7    Int:  8    God:
Gold:   176        SH:  5    Dex: 11    Spells: 2/9 levels left

rFire   . . .      SeeInvis .   a - +0 war axe
rCold   + . .      Faith    .   c - +0 buckler
rNeg    + . .      Spirit   .   y - +0 chain mail
rPois   .          Reflect  .   (no helmet)
rElec   .          Harm     .   (no cloak)
rCorr   .          Rampage  .   (no gloves)
Will    .....                   (no boots)
Stlth   ..........              (no amulet)
HPRegen 0.17/turn               w - ring of protection from cold
MPRegen 0.11/turn               n - ring of positive energy

@: mighty, about to teleport, marked
A: fangs 1, strong nose, distributed training
a: no special abilities


You were on level 5 of the Dungeon.
You visited 1 branch of the dungeon, and saw 5 of its levels.

You collected 176 gold pieces.

Inventory:

Hand Weapons
 a - a +0 war axe (weapon)
 u - a +0 scimitar
Missiles
 e - 117 stones (quivered)
 g - 93 arrows
 p - a boomerang
 q - 3 poisoned darts
 r - 66 sling bullets
Armour
 b - a +0 scale mail
 c - a +0 buckler (worn)
 y - a +0 chain mail (worn)
Jewellery
 n - a ring of positive energy (right hand)
 w - a ring of protection from cold (left hand)
Scrolls
 h - 4 scrolls of teleportation {teleport}
 i - 3 scrolls of amnesia {amnesia}
 j - a scroll of holy word {holy word, unknown}
 l - 2 scrolls of identify {identify, unknown}
 m - a scroll of immolation {immolation, unknown}
 t - a scroll of enchant weapon {enchant weapon, unknown}
 z - a scroll of noise {noise, unknown}
Potions
 f - 4 potions of curing {curing, unknown}
 k - a potion of ambrosia {ambrosia, unknown}
 o - 2 potions of attraction {attraction, unknown}
 v - a potion of flight {flight, unknown}


   Skills:
 + Level 6.9 Fighting
 + Level 2.2 Short Blades
 + Level 2.2 Long Blades
 + Level 5.1 Axes
 + Level 2.2 Maces & Flails
 + Level 2.2 Polearms
 + Level 2.2 Staves
 + Level 2.2 Slings
 + Level 2.2 Bows
 + Level 2.2 Crossbows
 + Level 2.2 Throwing
 + Level 6.9 Armour
 + Level 2.2 Dodging
 + Level 2.2 Stealth
 + Level 6.9 Shields
 + Level 2.2 Unarmed Combat
 + Level 2.2 Spellcasting
 + Level 1.7 Conjurations
 + Level 1.7 Hexes
 + Level 1.7 Summonings
 + Level 1.7 Necromancy
 + Level 1.7 Translocations
 + Level 1.7 Transmutations
 + Level 1.7 Fire Magic
 + Level 1.7 Ice Magic
 + Level 1.7 Air Magic
 + Level 1.7 Earth Magic
 + Level 1.7 Poison Magic
 + Level 2.4 Invocations
 + Level 2.2 Evocations


You had 2 spell levels left.
You knew the following spells:

 Your Spells              Type           Power      Damage    Failure   Level
a - Mephitic Cloud        Conj/Pois/Air  3%         N/A       100%        3
b - Poisonous Vapours     Pois/Air       6%         N/A       98%         2
c - Beastly Appendage     Tmut           6%         N/A       95%         1
d - Sting                 Tmut/Pois      12%        1d3       95%         1

Your spell library contained the following spells:

 Spells                   Type           Power      Damage    Failure   Level
 Wereblood                Tmut           3%         N/A       98%         2
 Ignite Poison            Fire/Tmut/Pois 3%         N/A       100%        3
 Spider Form              Tmut/Pois      3%         N/A       100%        3
 Olgreb's Toxic Radiance  Pois           3%         N/A       100%        4
 Freezing Cloud           Conj/Ice/Air   1%         6-21      100%        5


Dungeon Overview and Level Annotations

Branches:
Dungeon (5/15)
 Temple: D:4-7

Altars:

Portals:
Sewer: D:5

Annotations:
D:5 Ijyb


Innate Abilities, Weirdness & Mutations

You have very sharp teeth.
Your uncanny sense of smell can sniff out nearby items.
Your experience applies equally to all skills.


Message History

As you read the scroll labelled WOGOMNA WYEZXALO {torment}, it crumbles to dust.
Your body is wracked with pain!
Something is bathed in an unholy light!
The water moccasin convulses!
The orc convulses!
The ball python convulses!
The river rat convulses!
The centaur convulses!
The ogre convulses!
The river rat convulses!
It was a scroll of torment {torment}.
You feel sick. The ball python barely misses you. The ball python grabs you.
The ball python constricts you.
The water moccasin bites you but does no damage.
The orc barely misses you. Something hits you but does no damage.
The ball python barely misses you. The ball python constricts you.
You barely miss the water moccasin.
The water moccasin is almost dead.
You closely miss something. You slash the orc!
You kill the orc!
You hit the ball python.
You kill the ball python!
You feel sick. The water moccasin closely misses you.
You block the water moccasin's attack. Something hits you but does no damage.
You slash the water moccasin!
You kill the water moccasin!
You barely miss something.
You hear the slow rusting of a drain very nearby.
Your surroundings suddenly seem different.
Ijyb the Twisted Goblin comes into view.
She is wielding a +0 club and carrying a wand of mindburst (4).
You feel sick.
Okay, then.
Okay, then.
You feel very mighty all of a sudden.
You feel sick. Ijyb hits you but does no damage.
A lemure comes into view.
As you read the scroll of teleportation {teleport}, it crumbles to dust.
You feel strangely unstable.
You feel sick.
A water moccasin comes into view.
You block Ijyb's attack.
You slash Ijyb!
Ijyb is heavily wounded.
You feel sick.
You are no longer poisoned.
Ijyb zaps a wand.
Your mind is blasted!
You die...

.#.#.#+ #.#.#.#.
... .#.#.#.## ..
#.#.#.#.## ..
.#.#.#.#.. .++
#.#.#.....≈) ..#
.#.#.#.# ≈≈≈ #.#
#.#.#..##≈≈≈≈≈##.#
.#.#.#.≈≈.....≈≈@#
#.#.#..≈≈.....≈≈g#
.#.#.#.≈≈$.∩.....5
#.#.#r.≈≈..≈..≈≈...
.#S#O# ≈..≈.≈≈.###
#.#c#..# ≈≈.S≈##.#
.#r#S#.# ≈≈.≈≈ #.#
∆ #†#.#.........
..# .#.#.#.##.


You could see a water moccasin, a lemure and Ijyb.

Vanquished Creatures
  A water moccasin (D:5)
  A black bear (D:4)
  An ogre (D:4)
  An orc priest (D:3)
  2 adders
  2 adder skeletons (D:4)
  A worm (D:2)
  2 dart slugs
  9 orcs
  8 ball pythons
  12 endoplasms
  8 goblins
  3 hobgoblins
  7 jackals (D:4)
  3 quokkas
  8 bats
  3 frilled lizards
  2 kobolds
  2 rats (D:2)
76 creatures vanquished.

Notes
Turn   | Place    | Note
-------+----------+-------------------------------------------
     0 | D:1      | croobank the Gnoll Fighter began the quest for the Orb.
     0 | D:1      | Reached XP level 1. HP: 23/23 MP: 1/1
   155 | D:1      | Reached XP level 2. HP: 29/29 MP: 2/2
   869 | D:2      | Reached XP level 3. HP: 32/35 MP: 3/3
  1103 | D:2      | Reached skill level 1 in Invocations
  1491 | D:2      | Reached skill level 1 in Short Blades
  1491 | D:2      | Reached skill level 1 in Long Blades
  1491 | D:2      | Reached skill level 1 in Maces & Flails
  1491 | D:2      | Reached skill level 1 in Polearms
  1491 | D:2      | Reached skill level 1 in Staves
  1491 | D:2      | Reached skill level 1 in Slings
  1491 | D:2      | Reached skill level 1 in Bows
  1491 | D:2      | Reached skill level 1 in Crossbows
  1491 | D:2      | Reached skill level 1 in Throwing
  1491 | D:2      | Reached skill level 1 in Dodging
  1491 | D:2      | Reached skill level 1 in Stealth
  1491 | D:2      | Reached skill level 1 in Unarmed Combat
  1491 | D:2      | Reached skill level 1 in Spellcasting
  1491 | D:2      | Reached skill level 1 in Evocations
  1636 | D:3      | Learned a level 3 spell: Mephitic Cloud
  1659 | D:3      | Reached XP level 4. HP: 30/41 MP: 5/5
  1839 | D:3      | Reached skill level 1 in Conjurations
  1839 | D:3      | Reached skill level 1 in Hexes
  1839 | D:3      | Reached skill level 1 in Summonings
  1839 | D:3      | Reached skill level 1 in Necromancy
  1839 | D:3      | Reached skill level 1 in Translocations
  1839 | D:3      | Reached skill level 1 in Transmutations
  1839 | D:3      | Reached skill level 1 in Fire Magic
  1839 | D:3      | Reached skill level 1 in Ice Magic
  1839 | D:3      | Reached skill level 1 in Air Magic
  1839 | D:3      | Reached skill level 1 in Earth Magic
  1839 | D:3      | Reached skill level 1 in Poison Magic
  2573 | D:3      | Reached XP level 5. HP: 47/47 MP: 6/6
  2576 | D:3      | Learned a level 2 spell: Poisonous Vapours
  2648 | D:4      | Noticed an ogre
  2658 | D:4      | Killed an ogre
  2719 | D:4      | Learned a level 1 spell: Beastly Appendage
  2721 | D:4      | Learned a level 1 spell: Sting
  2752 | D:4      | Noticed a black bear
  2760 | D:4      | Killed a black bear
  2761 | D:4      | Reached skill level 5 in Axes
  2761 | D:4      | Reached XP level 6. HP: 46/53 MP: 8/8
  3194 | D:5      | Entered Level 5 of the Dungeon
  3219 | D:5      | Found a glowing drain.
  3220 | D:5      | Noticed a water moccasin
  3240 | D:5      | Killed a water moccasin
  3240 | D:5      | Noticed Ijyb
  3242 | D:5      | Noticed a water moccasin
  3243 | D:5      | Blown up by Ijyb

Illustrated notes

Levels and vault maps discovered:
D:1:      onia_arrival_mini_maze_b, layout_basic, bh_walls_and_bars
D:2:      layout_basic, serial_glass, glass_columns_c, glass_columns_b,
          nrook_campfire, minmay_tripent
D:3:      layout_basic, minmay_misc_feat_encased
D:4:      layout_cave_pools
D:5:      layout_basic, cheibrodos_sewer_entry_sluice, uniq_ijyb, uniq_pikel,
          uniq_menkaure

Skill      XL: |  1  2  3  4  5  6 |
---------------+-------------------+-----
Invocations    | 1 2 |  2.4
Short Blades   | 1 2 |  2.2
Long Blades    | 1 2 |  2.2
Maces & Flails | 1 2 |  2.2
Polearms       | 1 2 |  2.2
Staves         | 1 2 |  2.2
Slings         | 1 2 |  2.2
Bows           | 1 2 |  2.2
Crossbows      | 1 2 |  2.2
Throwing       | 1 2 |  2.2
Dodging        | 1 2 |  2.2
Stealth        | 1 2 |  2.2
Unarmed Combat | 1 2 |  2.2
Spellcasting   | 1 2 |  2.2
Evocations     | 1 2 |  2.2
Conjurations   | 1 |  1.7
Hexes          | 1 |  1.7
Summonings     | 1 |  1.7
Necromancy     | 1 |  1.7
Translocations | 1 |  1.7
Transmutations | 1 |  1.7
Fire Magic     | 1 |  1.7
Ice Magic      | 1 |  1.7
Air Magic      | 1 |  1.7
Earth Magic    | 1 |  1.7
Poison Magic   | 1 |  1.7
Axes           | 5 |  5.1
Fighting       | |  6.9
Armour         | |  6.9
Shields        | |  6.9

Action                   |  1- 3 |  4- 6 || total
-------------------------+-------+-------++-------
Melee: War axe           |   113 |   111 ||   224
       Bite              |     8 |     8 ||    16
Throw: Boomerang         |       |     3 ||     3
       Throwing net      |       |     1 ||     1
  Use: Scroll            |       |     4 ||     4
       Potion            |       |     2 ||     2
 Stab: Held in net/web   |       |     1 ||     1
Armor: Scale mail        |    57 |    38 ||    95
       Chain mail        |       |    37 ||    37
Dodge: Dodged            |    54 |    71 ||   125
Block: Buckler           |    41 |    47 ||    88
